 Dungeon Crawl Stone Soup version 0.24-a0-769-g368c1644f8 (webtiles) character file.

Game seed: 10170674851739920278, levelgen mode: deterministic

154 Arixos the Ducker (level 5, -2/22 HPs)
             Began as a Felid Transmuter on Oct 4, 2019.
             Slain by a scorpion (9 damage)
             ... on level 4 of the Dungeon.
             The game lasted 00:12:29 (2706 turns).

Arixos the Ducker (Felid Transmuter)                Turns: 2706, Time: 00:12:30

Health: -2/22      AC:  1    Str:  6    XL:     5   Next: 13%
Magic:  9/10       EV: 19    Int: 15    God:
Gold:   112        SH:  0    Dex: 19    Spells: 5/9 levels left
                                        Lives:  0   Deaths: 1

rFire    . . .     SeeInvis +     - Unarmed
rCold    . . .     Gourm    .   (shield unavailable)
rNeg     . . .     Faith    .   (armour unavailable)
rPois    +         Spirit   .   (helmet unavailable)
rElec    .         Reflect  .   (cloak unavailable)
rCorr    .         Harm     .   (gloves unavailable)
MR       +....                  (boots unavailable)
Stlth    ++++......             (no amulet)
HPRegen  0.07/turn              k - +2 ring of slaying
MPRegen  0.12/turn              b - ring of stealth

@: appendage, quick
A: very small, no armour, no weapons or thrown items, stealth, claws 1, fangs 3,
horns 2, see invisible, agile 1, carnivore, speed 1, magic resistance 1, poison
resistance, shaggy fur 1, slow metabolism 1, MP-powered wands, sharp paws
a: End Transformation


You were on level 4 of the Dungeon.
You were not hungry.
You had grown temporary horns.
You visited 1 branch of the dungeon, and saw 3 of its levels.

You collected 112 gold pieces.

Inventory:

Missiles
 a - 30 arrows
Jewellery
 b - a ring of stealth (right paw)
 k - a +2 ring of slaying (left paw)
Scrolls
 d - 2 scrolls of remove curse {unknown}
 e - 3 scrolls of identify
 f - a scroll of random uselessness {unknown}
 g - 2 scrolls of enchant armour {unknown}
 h - 2 scrolls of amnesia
 i - 2 scrolls of blinking {unknown}
 l - a scroll of teleportation {unknown}
Potions
 j - a potion of curing {unknown}
 m - 2 potions of cancellation {unknown}
 n - a potion of invisibility {unknown}
 o - a potion of flight {unknown}
Comestibles
 c - 5 rations


   Skills:
 + Level 2.1 Fighting
 + Level 3.8 Dodging
 + Level 2.7 Stealth
 + Level 3.6 Unarmed Combat
 + Level 2.6 Spellcasting
 + Level 3.1 Transmutations
 + Level 1.1 Poison Magic


You had 5 spell levels left.
You knew the following spells:

 Your Spells              Type           Power        Failure   Level  Hunger
a - Beastly Appendage     Tmut           ##....       5%          1    #......
s - Spider Form           Tmut/Pois      #.........   26%         3    ###....

Your spell library contained the following spells:

 Spells                   Type           Power        Failure   Level  Hunger
 Sticks to Snakes         Tmut           ##......     9%          2    ##.....
 Ice Form                 Ice/Tmut       #.......     71%         4    #####..
 Blade Hands              Tmut           ##........   83%         5    ######.


Dungeon Overview and Level Annotations

Branches:
Dungeon (2/15)

Altars:
Dithmenos
Qazlal


Innate Abilities, Weirdness & Mutations

You cannot wear armour.
You are incapable of wielding weapons or throwing items.
Your paws allow you to move quietly. (Stealth)
You have sharp claws.
You have razor-sharp teeth.
You have supernaturally acute eyesight. (SInv)
You are carnivorous and can eat meat at any time.
You cover ground quickly.
You are covered in fur. (AC +1)
You have a slow metabolism.
Your sharp claws are effective at attacking unaware monsters.
You have a pair of horns on your head.
You are agile. (Dex +2)
You are resistant to hostile enchantments. (MR+)
Your system is resistant to poisons. (rPois)
You expend magic power (3 MP) to strengthen your wands.


Message History

Found a scroll of identify.
The helpless scorpion fails to defend itself.
You claw the scorpion!
The scorpion is severely wounded.
The scorpion stings you!
Casting: Spider Form (safe; 26% risk of failure)
Confirm with . or Enter, or press ? or * to list all spells.
You grow a pair of large bovine horns.
The scorpion stings you!
You scratch the scorpion but do no damage.
You headbutt the scorpion.
The scorpion is almost dead.
The scorpion barely misses you.
You barely miss the scorpion.
You bite the scorpion, but do no damage.
The scorpion is almost dead.
The scorpion completely misses you.
You scratch the scorpion.
The scorpion is almost dead.
The scorpion stings you!
You die...

#. #.# ##.## #.#
##[.. #.# .... #.#
... #######.# #.#
#.......#
..#####.####.#######
.............#
######@###### #s#
#.# #.# ... ..# .#?
.# #


You could see a scorpion.

Vanquished Creatures
  Blork the orc (D:4)
  An orc priest (D:4)
  Natasha (D:4)
  An orc wizard (D:4)
  2 adders (D:2)
  A worm (D:2)
  A dart slug (D:1)
  2 leopard geckos (D:4)
  An orc (D:4)
  6 bats
  2 giant cockroaches
  2 hobgoblins (D:2)
  3 jackals (D:1)
  2 kobolds (D:1)
  A ball python (D:1)
  A frilled lizard (D:2)
  A rat (D:2)
29 creatures vanquished.

Notes
Turn   | Place    | Note
-------+----------+-------------------------------------------
     0 | D:1      | Arixos the Felid Transmuter began the quest for the Orb.
     0 | D:1      | Reached XP level 1. HP: 9/9 MP: 4/4
  1020 | D:1      | Reached XP level 2. HP: 7/12 MP: 3/6
  1238 | D:2      | Reached skill level 1 in Stealth
  1240 | D:2      | Gained mutation: You are resistant to hostile enchantments.
                  | (MR+) [potion of mutation]
  1240 | D:2      | Gained mutation: You have a pair of small horns on your
                  | head. [potion of mutation]
  1240 | D:2      | Gained mutation: Your system is resistant to poisons.
                  | (rPois) [potion of mutation]
  1513 | D:1      | Lost mutation: You are resistant to hostile enchantments.
                  | (MR+) [potion of mutation]
  1513 | D:1      | Lost mutation: You have a pair of small horns on your head.
                  | [potion of mutation]
  1513 | D:1      | Gained mutation: You expend magic power (3 MP) to
                  | strengthen your wands. [potion of mutation]
  1513 | D:1      | Gained mutation: You are agile. (Dex +2) [potion of
                  | mutation]
  1513 | D:1      | Gained mutation: You are resistant to hostile enchantments.
                  | (MR+) [potion of mutation]
  1593 | D:2      | Found a stormy altar of Qazlal.
  1634 | D:2      | Found a shadowy altar of Dithmenos.
  1647 | D:2      | Reached XP level 3. HP: 11/15 MP: 5/7
  1652 | D:2      | Learned a level 3 spell: Spider Form
  2169 | D:2      | You fall into a shaft and drop 2 floors!
  2189 | D:4      | Noticed Natasha
  2196 | D:4      | Killed Natasha
  2196 | D:4      | Reached XP level 4. HP: 13/19 MP: 4/8
  2290 | D:4      | Noticed Blork the orc
  2316 | D:4      | Killed from afar by Blork the orc
  2317 | D:4      | Reached XP level 3. HP: -2/15 MP: 3/7
  2322 | D:4      | Killed Blork the orc
  2322 | D:4      | Reached XP level 4. HP: 19/19 MP: 8/8
  2327 | D:4      | Reached skill level 1 in Poison Magic
  2334 | D:4      | Reached XP level 5. HP: 3/22 MP: 6/10
  2706 | D:4      | Slain by a scorpion

Levels and vault maps discovered:
D:1:      psy_arrival_radial01, layout_basic
D:2:      layout_rooms, nicolae_dithmenos_shadow_blocks, grunt_qazlal_sundering
D:4:      layout_loops_corners, minmay_misc_feat_enclosed, uniq_blork_the_orc,
          uniq_natasha

Skill      XL: |  1  2  3  4 |
---------------+-------------+-----
Dodging        | 3 |  3.8
Stealth        | 1 2 |  2.7
Transmutations | 3 |  3.1
Fighting       | 2 |  2.1
Poison Magic   | 1 |  1.1
Unarmed Combat | |  3.6
Spellcasting   | |  2.6

Action                   |  1- 3 |  4- 6 || total
-------------------------+-------+-------++-------
Melee: Unarmed           |    64 |    17 ||    81
       Headbutt          |     5 |     1 ||     6
       Bite              |     3 |     1 ||     4
 Cast: Beastly Appendage |    10 |     1 ||    11
       Spider Form       |     1 |     3 ||     4
  Use: Potion            |     6 |       ||     6
       Scroll            |     1 |       ||     1
 Stab: Sleeping          |     3 |     4 ||     7
  Eat: Chunk             |    10 |     2 ||    12
Armor: Skin              |     4 |       ||     4
Dodge: Dodged            |    73 |     5 ||    78

Table legend:
 A = Non-vault XP
 B = Vault XP
 C = Vault XP percentage of total XP
 D = Non-vault monster count
 E = Vault monster count
 F = Vault count percentage of total count
                 A         B        C        D         E       F
            +---------+---------+-------+---------+---------+-------
      Total |     156 |     124 |  44.3 |      27 |       2 |   6.9
            +---------+---------+-------+---------+---------+-------
        D:1 |      16 |       0 |   0.0 |       8 |       0 |   0.0
        D:2 |      51 |       0 |   0.0 |      13 |       0 |   0.0
        D:4 |      89 |     124 |  58.2 |       6 |       2 |  25.0
            +---------+---------+-------+---------+---------+-------
